 Dungeon Crawl Stone Soup version 0.23.2-33-g5129a83184 (webtiles) character file.

Game seed: 8274310354249892098

10833 Destapler the Spear-Bearer (level 11, -5/80 HPs)
             Began as a Demonspawn Gladiator on Aug 1, 2019.
             Was a Priest of Nemelex Xobeh.
             Killed from afar by an ice statue (10 damage)
             ... with a shard of ice
             ... in an ice cave.
             The game lasted 01:49:14 (11173 turns).

Destapler the Spear-Bearer (Demonspawn Gladiator)  Turns: 11173, Time: 01:49:16

Health: -5/80      AC: 16    Str: 16    XL:     11   Next: 41%
Magic:  17/17      EV: 15    Int: 12    God:    Nemelex Xobeh [***...]
Gold:   671        SH: 12    Dex: 19    Spells: 11/14 levels left

rFire    + . .     SeeInvis +   b - +7 trident "Beastslayer" {protect, rElec Str-4 Int+2 Dex+4}
rCold    + . .     Gourm    .   A - +2 shield
rNeg     . . .     Faith    .   J - +0 steam dragon scales
rPois    +         Spirit   .   u - +2 helmet {SInv}
rElec    +         Reflect  .   (no cloak)
rCorr    +         Harm     .   G - +0 pair of gloves
MR       .....                  (no boots)
Stlth    +++.......             h - amulet of regeneration
HPRegen  0.63/turn              U - +3 ring of strength
MPRegen  0.15/turn              (no ring)

@: resistant, protection aura
A: hooves 2, repulsion field 2, demonic guardian 1, nightstalker 1
a: Draw Escape, Draw Destruction, Draw Summoning, Triple Draw, Renounce Religion


You were in an ice cave.
You worshipped Nemelex Xobeh.
Nemelex Xobeh was most pleased with you.
You were not hungry.

You visited 2 branches of the dungeon, and saw 12 of its levels.
You also visited: Ice Cave.

You collected 671 gold pieces.

Inventory:

Hand Weapons
 a - a +1 dagger of venom
 b - the +7 trident "Beastslayer" (weapon) {protect, rElec Str-4 Int+2 Dex+4}
   (You found it on level 6 of the Dungeon)

   It protects the one who uses it against injury (+AC on strike).
   It affects your strength (-4).
   It affects your intelligence (+2).
   It affects your dexterity (+4).
   It insulates you from electricity.
Missiles
 d - 4 throwing nets (quivered)
 m - 343 stones
Armour
 u - a +2 helmet of see invisible (worn)
 A - a +2 shield (worn)
 G - a +0 pair of gloves (worn)
 J - +0 steam dragon scales (worn)
Jewellery
 c - a +6 ring of protection
 h - an amulet of regeneration (around neck)
 O - an uncursed ring of poison resistance
 P - a +5 amulet of reflection
 U - a +3 ring of strength (left hand)
Wands
 k - a wand of iceblast (9)
 y - a wand of acid (10)
 B - a wand of scattershot (5)
 D - a wand of paralysis (11)
 I - a wand of disintegration (14)
 N - a wand of digging (4)
 Q - a wand of polymorph (11)
Scrolls
 e - 7 scrolls of identify
 g - a scroll of remove curse
 j - a scroll of enchant weapon
 l - 3 scrolls of enchant armour
 n - a scroll of amnesia {unknown}
 v - 3 scrolls of teleportation
 w - a scroll of fear {unknown}
 C - a scroll of magic mapping {unknown}
 E - a scroll of silence
 T - a scroll of noise {unknown}
Potions
 i - 7 potions of curing
 o - a potion of resistance
 p - 2 potions of invisibility {unknown}
 q - a potion of brilliance
 r - 2 potions of mutation {unknown}
 s - 2 potions of might
 x - a potion of heal wounds
 z - a potion of ambrosia
 F - 2 potions of lignification
 H - a potion of agility {unknown}
 K - 3 potions of flight
 L - 2 potions of haste {unknown}
Miscellaneous
 M - a lightning rod (inert)
Comestibles
 f - 28 rations
 R - 3 chunks of flesh


   Skills:
 * Level 5.4 Fighting
 - Level 7.4 Short Blades
   Level 2.7(6.3) Axes
 * Level 9.1(9.3) Polearms
 - Level 2.0 Throwing
 - Level 3.0 Armour
 - Level 3.0 Dodging
 - Level 3.0 Stealth
 + Level 4.1 Shields
 - Level 2.0 Spellcasting
 - Level 1.0 Hexes
 + Level 8.5 Invocations
 + Level 6.0 Evocations


You had 11 spell levels left.
You knew the following spells:

 Your Spells              Type           Power        Failure   Level  Hunger
a - Confuse               Hex            #.......     91%         3    ####...

Your spell library contained the following spells:

 Spells                   Type           Power        Failure   Level  Hunger
 Confusing Touch          Hex            #.....       58%         1    ##.....
 Corona                   Hex            #......      58%         1    ##.....
 Ensorcelled Hibernation  Hex/Ice        #.....       80%         2    ###....
 Tukima's Dance           Hex            #.......     91%         3    ####...
 Dazzling Spray           Conj/Hex       #.....       95%         3    ####...
 Gell's Gravitas          Tloc           #.........   97%         3    ####...
 Petrify                  Tmut/Erth      #.......     100%        4    #####..
 Metabolic Englaciation   Hex/Ice        #.........   100%        5    ######.
 Yara's Violent Unravell  Hex/Tmut       #.........   100%        5    ######.


Dungeon Overview and Level Annotations

Branches:
Dungeon (11/15)            Temple (1/1) D:6            Lair (0/6) D:10
    Orc (0/2) D:9

Altars:
Ashenzari
Cheibriados
Dithmenos
Elyvilon
Fedhas
Gozag
Hepliaklqana
Kikubaaqudgha
Makhleb
Nemelex Xobeh
Okawaru
Qazlal
Ru
Sif Muna
Trog
Uskayaw
Vehumet
Wu Jian
Xom
Yredelemnul
Zin
The Shining One
Beogh

Shops:
D:10 *

Annotations:
IceCv exclusion: ice statue


Innate Abilities, Weirdness & Mutations

You have hoof-like feet.
You are surrounded by a moderate repulsion field. (EV +3)
A weak demonic guardian rushes to your aid.
You are slightly more attuned to the shadows.


Message History

The ice beast misses you.
You puncture the ice statue!
The ice statue is severely damaged.
The ice statue gestures at you. The freezing blast misses you.
The ice beast hits you. The ice beast freezes you!
The ice beast completely misses you.
You puncture the ice statue!
You kick the ice statue, but do no damage.
The ice statue is severely damaged.
You are engulfed in freezing vapours.
* * * LOW HITPOINT WARNING * * *
The ice beast hits you but does no damage.
You block the ice beast's attack.
You feel protected.
You are engulfed in freezing vapours.
You resist.
* * * LOW HITPOINT WARNING * * *
The ice statue gestures at you. The shard of ice hits you!
You partially resist.
You die...
Your body glows with a rainbow of weird colours and disappears.

##### ##...### #
#......## ## .
#..##...## ☼#.
#...##...### #○###
##..####○°☼####Y§○#
###○.####§☼☼##.8@#
##.#..###°.##..Y##
..#.☼..##.☼###..#
#≈##..##..####..#
.##..##.(..#...##
##..####.#....##
##.## ######## #..#
...##


You could see an ice statue and 2 ice beasts.

Vanquished Creatures
  A two-headed ogre (D:10)
  An oklob plant (D:10)
  A queen bee (D:8)
  A polar bear (IceCv)
  A hippogriff (D:10)
  2 wyverns (D:8)
  5 yaks (D:8)
  Grum (D:8)
  2 steam dragons (D:8)
  A water moccasin (D:10)
  Menkaure (D:6)
  3 black bears
  4 orc warriors
  An ice beast (D:8)
  2 sky beasts
  An eye of draining (D:11)
  4 phantoms
  6 ogres
  7 wolves
  6 centaurs
  A crocodile (D:10)
  2 big kobolds
  5 bullfrogs
  A water moccasin zombie (D:7)
  7 scorpions
  A wyvern skeleton (D:7)
  18 killer bees
  2 howler monkeys
  6 wights
  A bullfrog zombie (D:11)
  2 crimson imps
  A quasit (D:11)
  A centaur zombie (D:11)
  5 hounds
  A bullfrog skeleton (D:8)
  9 orc priests
  A centaur skeleton (D:6)
  2 jellies
  4 iguanas
  7 orc wizards
  Ijyb (D:5)
  3 worker ants
  A hound skeleton (D:11)
  A worker ant zombie (D:10)
  Robin (D:4)
  A howler monkey skeleton (D:5)
  8 gnolls
  16 adders
  2 shadow imps
  2 oozes (D:5)
  3 worms
  A dart slug (D:2)
  9 leopard geckos
  51 orcs
  9 bats
  7 giant cockroaches
  10 goblins
  10 hobgoblins
  5 quokkas
  3 frilled lizards
  A jackal skeleton (D:6)
  12 kobolds
  A leopard gecko skeleton (D:5)
  A quokka zombie (D:7)
  4 rats
  A plant (D:10)
292 creatures vanquished.

Vanquished Creatures (collateral kills)
  Erica (D:10)
  A two-headed ogre (D:9)
  An oklob plant (D:10)
  Grinder (D:4)
  A centaur (D:5)
  3 killer bees (D:8)
  A howler monkey (D:5)
  3 orcs
  A hobgoblin (D:4)
13 creatures vanquished.

Vanquished Creatures (others)
  3 yaks (IceCv)
3 creatures vanquished.

Grand Total: 308 creatures vanquished

Notes
Turn   | Place    | Note
-------+----------+-------------------------------------------
     0 | D:1      | Destapler the Demonspawn Gladiator began the quest for the
                  | Orb.
     0 | D:1      | Reached XP level 1. HP: 16/16 MP: 1/1
   883 | D:2      | Gained mutation: You have large cloven feet. [demonic
                  | ancestry]
   883 | D:2      | Reached XP level 2. HP: 22/22 MP: 2/2
  1312 | D:2      | Gained mutation: You are surrounded by a mild repulsion
                  | field. (EV +2) [demonic ancestry]
  1312 | D:2      | Reached XP level 3. HP: 28/28 MP: 3/3
  1321 | D:2      | Reached skill level 1 in Short Blades
  1887 | D:3      | Gained mutation: A weak demonic guardian rushes to your
                  | aid. [demonic ancestry]
  1887 | D:3      | Reached XP level 4. HP: 33/35 MP: 4/4
  2505 | D:4      | Noticed an ogre
  2580 | D:4      | Noticed an ogre
  2593 | D:4      | Killed an ogre
  2593 | D:4      | Gained mutation: You have hoof-like feet. [demonic
                  | ancestry]
  2593 | D:4      | Reached XP level 5. HP: 41/41 MP: 5/5
  2794 | D:4      | Killed an ogre
  2794 | D:4      | Reached skill level 5 in Short Blades
  2794 | D:4      | Reached XP level 6. HP: 47/47 MP: 6/6
  3173 | D:4      | Noticed Grinder
  3188 | D:4      | Killed Grinder
  3188 | D:4      | Gained mutation: You are slightly more attuned to the
                  | shadows. [demonic ancestry]
  3188 | D:4      | Reached XP level 7. HP: 12/52 MP: 7/7
  3202 | D:4      | Noticed Robin
  3368 | D:4      | Killed Robin
  3492 | D:5      | Entered Level 5 of the Dungeon
  3732 | D:5      | Reached skill level 1 in Evocations
  4040 | D:5      | Noticed Ijyb
  4056 | D:5      | Killed Ijyb
  4406 | D:6      | Noticed Menkaure
  4473 | D:6      | Reached XP level 8. HP: 44/58 MP: 10/10
  4702 | D:6      | Learned a level 3 spell: Confuse
  4846 | D:6      | Killed Menkaure
  4846 | D:6      | Reached skill level 1 in Polearms
  4846 | D:6      | Reached skill level 5 in Evocations
  4907 | D:6      | Reached skill level 1 in Stealth
  4915 | D:6      | Reached skill level 1 in Spellcasting
  5011 | D:6      | Found a staircase to the Ecumenical Temple.
  5057 | D:6      | Reached skill level 2 in Polearms
  5057 | D:6      | Reached skill level 1 in Shields
  5210 | D:6      | Got an encrusted trident
  5211 | D:6      | Identified the +7 trident "Beastslayer" {protect, rElec
                  | Str-4 Int+2 Dex+4} (You found it on level 6 of the Dungeon)
  5783 | D:6      | Reached skill level 1 in Hexes
  5791 | Temple   | Entered the Ecumenical Temple
  6025 | Temple   | Became a worshipper of Nemelex Xobeh the Trickster
  6204 | D:7      | Reached XP level 9. HP: 54/63 MP: 12/12
  6238 | D:7      | Reached skill level 3 in Polearms
  6238 | D:7      | Reached skill level 1 in Invocations
  6373 | D:7      | Received a gift from Nemelex Xobeh
  6589 | D:8      | Found a hazy altar of Hepliaklqana.
  6640 | D:8      | Reached skill level 1 in Armour
  6659 | D:8      | Reached skill level 4 in Polearms
  6714 | D:8      | Noticed Grum
  6739 | D:8      | Killed Grum
  6897 | D:8      | Reached skill level 5 in Polearms
  7021 | D:8      | Noticed a queen bee
  7025 | D:8      | Killed a queen bee
  7157 | D:8      | Reached XP level 10. HP: 68/70 MP: 13/13
  7289 | D:8      | Reached skill level 5 in Invocations
  7320 | D:8      | Reached skill level 6 in Polearms
  7837 | D:9      | Reached skill level 7 in Polearms
  7876 | D:9      | Found an opulent altar of Gozag.
  8022 | D:9      | You fall through a shaft!
  8022 | D:10     | Entered Level 10 of the Dungeon
  8027 | D:10     | Reached * piety under Nemelex Xobeh
  8317 | D:10     | Noticed an oklob plant
  8358 | D:10     | Found a staircase to the Lair.
  8511 | D:10     | Found Qufuot's Assorted Antiques.
  8532 | D:10     | Reached ** piety under Nemelex Xobeh
  8546 | D:10     | Reached skill level 8 in Polearms
  8558 | D:10     | Noticed Erica
  8647 | D:10     | Received a gift from Nemelex Xobeh
  8786 | D:10     | Noticed an oklob plant
  8951 | D:10     | Noticed a two-headed ogre
  8964 | D:10     | Killed a two-headed ogre
  9043 | D:9      | Found a roughly hewn altar of Beogh.
  9043 | D:9      | Found a staircase to the Orcish Mines.
  9336 | D:9      | Noticed a two-headed ogre
  9344 | D:9      | Killed a two-headed ogre
  9344 | D:9      | Gained mutation: You are surrounded by a moderate repulsion
                  | field. (EV +3) [demonic ancestry]
  9344 | D:9      | Reached XP level 11. HP: 43/77 MP: 16/16
  9561 | D:9      | Found a bloodstained altar of Trog.
  9575 | D:9      | Reached *** piety under Nemelex Xobeh
  9671 | D:9      | Noticed an unseen horror
  9671 | D:9      | Noticed a brown ugly thing
  9863 | D:9      | Received a gift from Nemelex Xobeh
 10113 | D:10     | Killed Erica
 10201 | D:10     | Killed an oklob plant
 10333 | D:10     | Killed an oklob plant
 10623 | D:11     | Reached skill level 5 in Fighting
 10731 | D:11     | Found a frozen archway.
 10747 | D:11     | Reached skill level 9 in Polearms
 10988 | IceCv    | Entered an ice cave
 11173 | IceCv    | HP: 4/80 [ice statue] (5)]
 11173 | IceCv    | Killed from afar by an ice statue

Skill      XL: |  1  2  3  4  5  6  7  8  9 10 11 |
---------------+----------------------------------+-----
Throwing       | 2 |  2.0
Dodging        | 3 |  3.0
Short Blades   | 1 3 5 6 7 |  7.4
Fighting       | 3 4 5 |  5.4
Evocations     | 3 5 6 |  6.0
Polearms       | 2 5 8 9 |  9.1
Stealth        | 2 3 |  3.0
Spellcasting   | 2 |  2.0
Shields        | 2 3 4 |  4.1
Hexes          | 1 |  1.0
Invocations    | 4 7 8 |  8.5
Armour         | 3 |  3.0
Axes           | |  2.7

Action                   |  1- 3 |  4- 6 |  7- 9 | 10-12 || total
-------------------------+-------+-------+-------+-------++-------
Melee: Dagger            |    88 |   136 |   166 |     6 ||   396
       War axe           |    14 |       |     6 |       ||    20
       Kick              |    15 |    43 |   124 |   103 ||   285
       Trident           |       |       |   259 |   438 ||   697
Throw: Stone             |     5 |       |    20 |       ||    25
       Throwing net      |       |     2 |     3 |     1 ||     6
 Abil: Draw Destruction  |       |       |     3 |     2 ||     5
       Draw Escape       |       |       |     2 |     1 ||     3
       Draw Summoning    |       |       |       |     1 ||     1
Evoke: Lightning rod     |       |       |       |     4 ||     4
       Wand              |       |       |       |     2 ||     2
  Use: Potion            |       |     2 |     3 |     1 ||     6
       Scroll            |       |       |    11 |     4 ||    15
 Stab: Distracted        |       |     1 |     2 |     7 ||    10
       Sleeping          |       |       |     6 |    10 ||    16
       Held in net/web   |       |       |     1 |       ||     1
  Eat: Chunk             |     3 |     4 |    14 |    13 ||    34
Armor: Leather armour    |    30 |    17 |   120 |       ||   167
       Steam dragon scal |       |       |    32 |   129 ||   161
Dodge: Dodged            |    77 |    86 |   279 |   174 ||   616
Block: Shield            |       |       |   158 |   238 ||   396
